TOP OF THE 1ST |
Salt Lake Bees batting - Pitching for Norfolk Tides : LHP Joel Beery
|
Pitching: LHP Joel Beery
|
|
Batting: RHB Kian-tat Chen
|
0-0: Foul Ball, location: 2F 0-1: Swinging Strike 0-2: Ball 1-2: Foul Ball, location: 2F 1-2: Ground out 1-3 (Groundball, 13S, EV 68.1 MPH)
|
Batting: RHB Melvin Gomez
|
0-0: Called Strike 0-1: Foul Ball, location: 2F 0-2: Ball 1-2: Foul Ball, location: 2F 1-2: Foul Ball, location: 2F 1-2: Ground out 4-3 (Groundball, 4, EV 81.9 MPH)
|
Batting: LHB James McCauley
|
0-0: Ball 1-0: Fly out, F9 (Flyball, 9D, EV 90.6 MPH)
|
Top of the 1st over - 0 runs, 0 hits, 0 errors, 0 left on base; Salt Lake 0 - Norfolk 0 |
BOTTOM OF THE 1ST |
Norfolk Tides batting - Pitching for Salt Lake Bees : RHP Ricky Castillo
|
Pitching: RHP Ricky Castillo
|
|
Batting: LHB Pat Shaddock
|
0-0: Fly out, F8 (Flyball, 8LM, EV 79.4 MPH)
|
Batting: RHB Mario Saez
|
0-0: Ball 1-0: Ball 2-0: Ball 3-0: Called Strike 3-1: Base on Balls
|
Batting: LHB Wes Goscinski
|
0-0: Swinging Strike 0-1: Ball 1-1: DOUBLE (Line Drive, 89M, EV 109.4 MPH) Mario Saez to third Runner from 3rd tries for Home, SAFE, throw by RF to home
|
Batting: RHB Ernie Weathersbee
|
0-0: Called Strike 0-1: Foul Ball, location: 2F 0-2: Ball 1-2: Ball 2-2: Ground out 5-3 (Groundball, 56, EV 103.8 MPH)
|
Batting: RHB Kory Sanchez
|
0-0: Ball 1-0: Ball 2-0: Ball 3-0: Called Strike 3-1: Ground out 4-3 (Groundball, 4, EV 78.8 MPH)
|
Bottom of the 1st over - 1 run, 1 hit, 0 errors, 1 left on base; Salt Lake 0 - Norfolk 1 |
TOP OF THE 2ND |
Salt Lake Bees batting - Pitching for Norfolk Tides : LHP Joel Beery
|
Batting: LHB Micah Miller
|
0-0: Foul Ball, location: 2F 0-1: Ball 1-1: Foul Ball, location: 2F 1-2: Fly out, F7 (Flyball, 7, EV 88.8 MPH)
|
Batting: RHB Brandon Davis
|
0-0: Ball 1-0: SINGLE (Groundball, 6MD, EV 111.2 MPH)
|
Batting: LHB Jonathon Walton
|
0-0: Fly out, F7 (Flyball, 7S, EV 80.0 MPH)
|
Batting: RHB Josh Faulconer
|
0-0: Called Strike 0-1: Ball 1-1: Ball 2-1: Swinging Strike 2-2: Ball 3-2: Foul Ball, location: 2F 3-2: Ground out 4-3 (Groundball, 34S, EV 88.8 MPH)
|
Top of the 2nd over - 0 runs, 1 hit, 0 errors, 1 left on base; Salt Lake 0 - Norfolk 1 |
BOTTOM OF THE 2ND |
Norfolk Tides batting - Pitching for Salt Lake Bees : RHP Ricky Castillo
|
Batting: LHB Jose Chinchilla
|
0-0: Foul Ball, location: 2F 0-1: Reached on error, E3 (Groundball, 3S, EV 83.1 MPH)
|
Batting: RHB Bobby Scholl
|
0-0: Ball 1-0: Ball Jose Chinchilla is caught stealing 2nd base 2-4 2-0: Ball 3-0: Base on Balls
|
Batting: RHB Travis Carter
|
0-0: Ball 1-0: Ball 2-0: Swinging Strike 2-1: Foul Ball, location: 2F 2-2: Ball 3-2: Strikes out swinging
|
Batting: LHB Tyler Allen
|
0-0: Ground out 1-3 (Groundball, 34S, EV 69.4 MPH)
|
Bottom of the 2nd over - 0 runs, 0 hits, 1 error, 1 left on base; Salt Lake 0 - Norfolk 1 |
TOP OF THE 3RD |
Salt Lake Bees batting - Pitching for Norfolk Tides : LHP Joel Beery
|
Batting: LHB Brett Bugge
|
0-0: Ball 1-0: Swinging Strike 1-1: Foul Ball, location: 2F 1-2: Ball 2-2: Strikes out swinging
|
Batting: RHB Jeff Long
|
0-0: Ball 1-0: Ball 2-0: Fly out, F7 (Line Drive, 7, EV 84.4 MPH)
|
Batting: RHB Kian-tat Chen
|
0-0: Foul Ball, location: 2F 0-1: Fly out, F8 (Flyball, 89D, EV 110.0 MPH)
|
Top of the 3rd over - 0 runs, 0 hits, 0 errors, 0 left on base; Salt Lake 0 - Norfolk 1 |
BOTTOM OF THE 3RD |
Norfolk Tides batting - Pitching for Salt Lake Bees : RHP Ricky Castillo
|
Batting: LHB Pat Shaddock
|
0-0: Ball 1-0: Swinging Strike 1-1: Ground out 5-3 (Groundball, 5, EV 102.5 MPH)
|
Batting: RHB Mario Saez
|
0-0: Ball 1-0: Swinging Strike 1-1: Swinging Strike 1-2: Strikes out swinging
|
Batting: LHB Wes Goscinski
|
0-0: Ball 1-0: Ball 2-0: Ball 3-0: Called Strike 3-1: Called Strike 3-2: DOUBLE (Line Drive, 8LXD, EV 109.4 MPH)
|
Batting: RHB Ernie Weathersbee
|
0-0: Ball 1-0: Ball 2-0: Called Strike 2-1: Fly out, F7 (Flyball, 7LS, EV 88.8 MPH)
|
Bottom of the 3rd over - 0 runs, 1 hit, 0 errors, 1 left on base; Salt Lake 0 - Norfolk 1 |
TOP OF THE 4TH |
Salt Lake Bees batting - Pitching for Norfolk Tides : LHP Joel Beery
|
Batting: RHB Melvin Gomez
|
0-0: Ball 1-0: Ball 2-0: Ball 3-0: Ground out 4-3 (Groundball, 4S, EV 81.9 MPH)
|
Batting: LHB James McCauley
|
0-0: Ball 1-0: Called Strike 1-1: Ball 2-1: SINGLE (Line Drive, 89M, EV 103.1 MPH)
|
Batting: LHB Micah Miller
|
0-0: Called Strike 0-1: Ball 1-1: Called Strike 1-2: SINGLE (Flyball, 56D, EV 97.5 MPH) James McCauley to second
|
Batting: RHB Brandon Davis
|
0-0: Ball 1-0: Called Strike 1-1: Foul Ball, location: 2F 1-2: Strikes out swinging
|
Batting: LHB Jonathon Walton
|
0-0: Ball 1-0: Ball 2-0: Called Strike 2-1: Ball 3-1: Ground out U3 (Groundball, 3, EV 101.9 MPH)
|
Top of the 4th over - 0 runs, 2 hits, 0 errors, 2 left on base; Salt Lake 0 - Norfolk 1 |
BOTTOM OF THE 4TH |
Norfolk Tides batting - Pitching for Salt Lake Bees : RHP Ricky Castillo
|
Batting: RHB Kory Sanchez
|
0-0: Ball 1-0: Ball 2-0: Foul Ball, location: 2F 2-1: Ground out 6-3 (Groundball, 6S, EV 78.8 MPH)
|
Batting: LHB Jose Chinchilla
|
0-0: Called Strike 0-1: Ground out 3-1 (Groundball, 34, EV 88.8 MPH)
|
Batting: RHB Bobby Scholl
|
0-0: Ball 1-0: Ball 2-0: Called Strike 2-1: Fly out, F8 (Flyball, 8RM, EV 95.0 MPH)
|
Bottom of the 4th over - 0 runs, 0 hits, 0 errors, 0 left on base; Salt Lake 0 - Norfolk 1 |
TOP OF THE 5TH |
Salt Lake Bees batting - Pitching for Norfolk Tides : LHP Joel Beery
|
Batting: RHB Josh Faulconer
|
0-0: Foul Ball, location: 2F 0-1: Foul Ball, location: 2F 0-2: Ball 1-2: Foul Ball, location: 2F 1-2: Fly out, F9 (Line Drive, 9, EV 83.1 MPH)
|
Batting: LHB Brett Bugge
|
0-0: Called Strike 0-1: Ground out U3 (Groundball, 3S, EV 88.8 MPH)
|
Batting: RHB Jeff Long
|
0-0: Ball 1-0: Ball 2-0: Called Strike 2-1: Ground out 4-3 (Groundball, 4M, EV 83.1 MPH)
|
Top of the 5th over - 0 runs, 0 hits, 0 errors, 0 left on base; Salt Lake 0 - Norfolk 1 |
BOTTOM OF THE 5TH |
Norfolk Tides batting - Pitching for Salt Lake Bees : RHP Ricky Castillo
|
Batting: RHB Travis Carter
|
0-0: Ball 1-0: Foul Ball, location: 2F 1-1: Ball 2-1: Ball 3-1: Swinging Strike 3-2: Strikes out swinging
|
Batting: LHB Tyler Allen
|
0-0: SINGLE (Groundball, 6M, EV 98.1 MPH)
|
Batting: LHB Pat Shaddock
|
0-0: Called Strike 0-1: Ball 1-1: Foul Ball, location: 2F 1-2: Strikes out swinging
|
Batting: RHB Mario Saez
|
0-0: Swinging Strike 0-1: Foul Ball, location: 2F 0-2: Foul Ball, location: 2F 0-2: Ball 1-2: Ball 2-2: Foul Ball, location: 2F 2-2: Foul Ball, location: 2F 2-2: Ball 3-2: Strikes out swinging
|
Bottom of the 5th over - 0 runs, 1 hit, 0 errors, 1 left on base; Salt Lake 0 - Norfolk 1 |
TOP OF THE 6TH |
Salt Lake Bees batting - Pitching for Norfolk Tides : LHP Joel Beery
|
Batting: RHB Kian-tat Chen
|
0-0: Called Strike 0-1: Called Strike 0-2: SINGLE (Groundball, 5D, EV 105.6 MPH)
|
Batting: RHB Melvin Gomez
|
0-0: Ball 1-0: Grounds into double play, 6-4-3 (Groundball, 6, EV 87.5 MPH)
|
Batting: LHB James McCauley
|
0-0: Called Strike 0-1: Called Strike 0-2: Foul Ball, location: 2F 0-2: Ball 1-2: Ball 2-2: Foul Ball, location: 2F 2-2: SINGLE (Groundball, 4MS, EV 69.4 MPH) (infield hit)
|
Batting: LHB Micah Miller
|
0-0: Fielders Choice at 2nd, 6-4 (Groundball, 6, EV 86.2 MPH)
|
Top of the 6th over - 0 runs, 2 hits, 0 errors, 1 left on base; Salt Lake 0 - Norfolk 1 |
BOTTOM OF THE 6TH |
Norfolk Tides batting - Pitching for Salt Lake Bees : RHP Ricky Castillo
|
Batting: LHB Wes Goscinski
|
0-0: Called Strike 0-1: Called Strike 0-2: Foul Ball, location: 2F 0-2: Ball 1-2: Foul Ball, location: 2F 1-2: Foul Ball, location: 2F 1-2: Fly out, F9 (Flyball, 9, EV 88.8 MPH)
|
Batting: RHB Ernie Weathersbee
|
0-0: Fly out, F9 (Line Drive, 9, EV 89.4 MPH)
|
Batting: RHB Kory Sanchez
|
0-0: Ball 1-0: Called Strike 1-1: Ball 2-1: Ground out 4-3 (Groundball, 4, EV 102.5 MPH)
|
Bottom of the 6th over - 0 runs, 0 hits, 0 errors, 0 left on base; Salt Lake 0 - Norfolk 1 |
TOP OF THE 7TH |
Salt Lake Bees batting - Pitching for Norfolk Tides : LHP Joel Beery
|
Batting: RHB Brandon Davis
|
0-0: Called Strike 0-1: Ball 1-1: Ball 2-1: Foul Ball, location: 2F 2-2: Ball 3-2: Strikes out swinging
|
Pinch Hitting: RHB Jimmy Buzard
|
0-0: Ball 1-0: Ground out 4-3 (Groundball, 4, EV 85.0 MPH)
|
Batting: RHB Josh Faulconer
|
0-0: Ground out 5-3 (Groundball, 56S, EV 63.8 MPH)
|
Top of the 7th over - 0 runs, 0 hits, 0 errors, 0 left on base; Salt Lake 0 - Norfolk 1 |
BOTTOM OF THE 7TH |
Norfolk Tides batting - Pitching for Salt Lake Bees : RHP Ricky Castillo
|
Now at 1B: Jimmy Buzard
|
|
Batting: LHB Jose Chinchilla
|
0-0: Called Strike 0-1: Swinging Strike 0-2: Ball 1-2: SINGLE (Groundball, 4MS, EV 69.4 MPH) (infield hit)
|
Batting: RHB Bobby Scholl
|
0-0: Bunted foul 0-1: Bunted foul 0-2: Ball 1-2: Ground out 5-3 (Groundball, 56S, EV 88.8 MPH) Jose Chinchilla to second
|
Pitching: LHP Nick Yarbrough
|
|
Batting: RHB Travis Carter
|
0-0: Called Strike 0-1: SINGLE (Groundball, 6MD, EV 98.1 MPH) Jose Chinchilla to third
|
Batting: LHB Tyler Allen
|
0-0: Ball 1-0: Ball 2-0: Fly out, F9 (Line Drive, 9, EV 99.4 MPH) Runner from 3rd tags up, SCORES, throw by RF
|
Batting: LHB Pat Shaddock
|
0-0: Fielders Choice at 2nd, 6-4 (Groundball, 6, EV 91.2 MPH)
|
Bottom of the 7th over - 1 run, 2 hits, 0 errors, 1 left on base; Salt Lake 0 - Norfolk 2 |
TOP OF THE 8TH |
Salt Lake Bees batting - Pitching for Norfolk Tides : LHP Joel Beery
|
Batting: LHB Brett Bugge
|
0-0: Called Strike 0-1: Ball 1-1: SINGLE (Groundball, 56S, EV 65.0 MPH) (infield hit)
|
Batting: RHB Jeff Long
|
0-0: Fielders Choice at 2nd, 6-4 (Groundball, 6, EV 80.6 MPH)
|
Batting: RHB Kian-tat Chen
|
0-0: Called Strike 0-1: Called Strike 0-2: Strikes out looking
|
Batting: RHB Melvin Gomez
|
0-0: Swinging Strike 0-1: Fly out, F8 (Flyball, 89S, EV 83.8 MPH)
|
Top of the 8th over - 0 runs, 1 hit, 0 errors, 1 left on base; Salt Lake 0 - Norfolk 2 |
BOTTOM OF THE 8TH |
Norfolk Tides batting - Pitching for Salt Lake Bees : LHP Nick Yarbrough
|
Batting: RHB Mario Saez
|
0-0: Foul Ball, location: 2F 0-1: Ball 1-1: Reached on error, E5 (Groundball, 56, EV 86.9 MPH)
|
Batting: LHB Wes Goscinski
|
0-0: Ball 1-0: Ball 2-0: Swinging Strike 2-1: Ball 3-1: Foul Ball, location: 2F 3-2: Base on Balls Mario Saez to second
|
Batting: RHB Ernie Weathersbee
|
0-0: Ball 1-0: Ball 2-0: Foul Ball, location: 2F 2-1: Foul Ball, location: 2F 2-2: Foul Ball, location: 2F 2-2: Strikes out swinging
|
Batting: RHB Kory Sanchez
|
0-0: Ball 1-0: Foul Ball, location: 2F 1-1: SINGLE (Groundball, 56D, EV 100.0 MPH) Mario Saez to third Wes Goscinski to second
|
Batting: LHB Jose Chinchilla
|
0-0: Ball 1-0: Fly out, F4 (Popup, 34S, EV 61.9 MPH)
|
Batting: RHB Bobby Scholl
|
0-0: Foul Ball, location: 2F 0-1: Reached on error, E5 (Groundball, 56, EV 84.4 MPH) Mario Saez scores Wes Goscinski to third Kory Sanchez to second
|
Batting: RHB Travis Carter
|
0-0: Called Strike 0-1: Ground out 4-3 (Groundball, 4, EV 104.4 MPH)
|
Bottom of the 8th over - 1 run, 1 hit, 2 errors, 3 left on base; Salt Lake 0 - Norfolk 3 |
TOP OF THE 9TH |
Salt Lake Bees batting - Pitching for Norfolk Tides : LHP Joel Beery
|
Pitching: RHP Roger Warren
|
|
Batting: LHB James McCauley
|
0-0: Swinging Strike 0-1: Fly out, F7 (Flyball, 78D, EV 105.6 MPH)
|
Batting: LHB Micah Miller
|
0-0: Ball 1-0: Foul Ball, location: 2F 1-1: SINGLE (Groundball, 34S, EV 68.1 MPH) (infield hit)
|
Batting: RHB Brandon Davis
|
0-0: Ball 1-0: Swinging Strike 1-1: Foul Ball, location: 2F 1-2: Strikes out looking
|
Batting: RHB Jimmy Buzard
|
0-0: Ball 1-0: DOUBLE (Groundball, 5L, EV 105.6 MPH) Micah Miller to third
|
Batting: RHB Josh Faulconer
|
0-0: Called Strike 0-1: Foul Ball, location: 2F 0-2: Foul Ball, location: 2F 0-2: Ball 1-2: Strikes out swinging
|
Top of the 9th over - 0 runs, 2 hits, 0 errors, 2 left on base; Salt Lake 0 - Norfolk 3 |
|